Map: 匹昂台地

Players

最强中二萌小鸠

  • Race: Terran Terran
  • League: Platinum

Quail - Winner!

  • Race: Protoss Protoss
  • League: Diamond

VOD

Have the link to the VOD?

Description

Time

  • Played on: Dec. 5, 2015, 8:25 a.m.
  • Length: 6:06
Show
View Real Time Build Order
Export as new Build Order

最强中二萌小鸠 Terran 

Build Orders:  

Get SALT Encoding   

  12  0:00  SCV  
  13  0:12  SCV  
  14  0:17  Supply Depot  
  14  0:24  SCV  
  15  0:39  SCV, Barracks  
  16  0:51  SCV  
  17  1:03  SCV  
  18  1:16  SCV  
  19  1:28  Orbital Command  
  19  1:29  Marine  
  20  1:37  Command Center  
  20  1:49  Marine  
  21  1:58  Refinery  
  21  1:59  SCV, Refinery  
  22  2:07  Marine  
  23  2:20  Supply Depot  
  23  2:41  SCV  
  24  2:49  Command Center  
  24  2:50  Factory  
  24  2:54  SCV  
  24  2:57  Orbital Command  
  25  3:06  SCV  
  25  3:12  Marine  
  26  3:30  SCV, Marine  
  26  3:31  SCV  
  29  3:34  Widow Mine  
  29  3:39  Engineering Bay  
  31  3:44  SCV  
  31  3:47  SCV  
  33  3:56  SCV, Starport  
  34  4:10  Orbital Command  
  34  4:17  Missile Turret  
  34  4:18  SCV  
  35  4:25  Widow Mine  
  35  4:27  Barracks Tech Lab  
  37  4:33  Barracks  
  37  4:34  Barracks x2, Medivac  
  37  4:36  SCV  
  39  4:48  Orbital Command  
  36  4:54  Marauder  
  36  5:24  Barracks Tech Lab  
  36  5:25  Barracks Reactor, Barracks Tech Lab  
  36  5:33  SCV  
  36  5:34  SCV x2  
  39  5:36  Barracks, Missile Turret, Starport Reactor  
  39  5:37  Factory Reactor  
Show
View Real Time Build Order
Export as new Build Order

Quail Protoss - Winner!

Build Orders: 1 Gate Expand 

Get SALT Encoding   

  12  0:01  Probe (Chrono Boost)  
  13  0:11  Probe (Chrono Boost)  
  14  0:18  Pylon  
  14  0:22  Probe (Chrono Boost)  
  15  0:36  Probe (Chrono Boost), Gateway  
  16  0:45  Assimilator  
  16  0:46  Probe (Chrono Boost)  
  18  0:57  Probe (Chrono Boost)  
  18  1:07  Probe (Chrono Boost)  
  19  1:20  Nexus  
  19  1:24  Probe (Chrono Boost)  
  20  1:34  Cybernetics Core  
  20  1:37  Probe (Chrono Boost)  
  21  1:45  Pylon  
  21  1:48  Probe (Chrono Boost)  
  22  1:55  Assimilator  
  22  1:58  Probe (Chrono Boost)  
  23  2:09  Probe (Chrono Boost)  
  23  2:10  Adept  
  26  2:20  Mothership Core (Chrono Boost)  
  28  2:33  Robotics Facility  
  28  2:36  Probe (Chrono Boost)  
  29  2:38  Probe (Chrono Boost)  
  30  2:44  Adept  
  30  2:47  Probe (Chrono Boost)  
  30  2:48  Probe (Chrono Boost)  
  30  2:49  Warp Gate  
  34  2:57  Probe (Chrono Boost)  
  35  3:05  Probe (Chrono Boost)  
  36  3:08  Probe (Chrono Boost), Pylon  
  36  3:11  Adept  
  39  3:27  Probe x2 (Chrono Boost)  
  39  3:31  Gateway x2  
  39  3:32  Observer  
  42  3:38  Probe x2 (Chrono Boost)  
  44  3:41  Assimilator  
  44  3:46  Stalker, Assimilator  
  46  3:49  Probe (Chrono Boost)  
  46  3:54  Observer  
  48  3:57  Probe (Chrono Boost)  
  48  3:58  Pylon  
  48  3:59  Probe (Chrono Boost)  
  50  4:07  Probe (Chrono Boost)  
  51  4:10  Probe (Chrono Boost)  
  51  4:14  Warp Prism  
  51  4:15  Gateway  
  54  4:21  Pylon  
  54  4:34  Probe x2 (Chrono Boost)  
  56  4:43  Twilight Council  
  56  4:45  Probe x2 (Chrono Boost)  
  56  4:46  Gateway  
  56  5:03  Robotics Bay  
  56  5:07  Immortal  
  56  5:08  Pylon  
  56  5:09  Gateway  
  56  5:10  Probe (Chrono Boost)  
  56  5:11  Probe (Chrono Boost)  
  62  5:23  Adept x2  
  62  5:24  Adept  
  68  5:32  Pylon  
  68  5:38  Probe x2 (Chrono Boost)  
  70  5:49  Adept x2  
  74  5:50  Adept x2  
  74  5:54  Probe x2 (Chrono Boost)  
  80  5:59  Gateway  
  80  6:00  Gateway  
Tags
 
Add a new tag
Caveats
  • Supply blocks, unpowered buildings, or Contaminate may cause inaccurate times.
  • Supply counts are checked every 10 seconds.